 Dungeon Crawl Stone Soup version 0.29.0-11-gd7f09526c8 (webtiles) character file.

Game seed: 10233578471890089769

1062 Jase the Fighter (level 8, 0/78 HPs)
             Began as a Minotaur Fighter on Sept 6, 2022.
             Was a Follower of Zin.
             Slain by a fire elemental (7 damage)
             ... created by the fiery vengeance of Ignis
             ... on level 6 of the Dungeon.
             The game lasted 00:06:53 (5061 turns).

Jase the Fighter (Minotaur Fighter)                 Turns: 5061, Time: 00:06:54

Health: 0/78       AC:  8    Str: 23    XL:     8   Next: 6%
Magic:  7/8        EV:  9    Int:  5    God:    Zin [*.....]
Gold:   198        SH:  4    Dex: 10    Spells: 7/7 levels left

rFire   . . .      SeeInvis .   a - +2 flail (vorpal)
rCold   . . .      Faith    .   c - +0 buckler
rNeg    . . .      Spirit   .   b - +0 scale mail
rPois   +          Reflect  .   (helmet restricted)
rElec   .          Harm     .   A - +0 cloak
rCorr   .          Rampage  .   (no gloves)
Will    .....                   (no boots)
Stlth   ..........              (no amulet)
HPRegen 0.23/turn               q - ring of poison resistance
MPRegen 0.11/turn               (no ring)

@: fire susceptible
A: horns 2, retaliatory headbutt
a: Renounce Religion, Recite, Donate Gold


You were on level 6 of the Dungeon.
You worshipped Zin.
Zin was aware of your devotion.
You visited 1 branch of the dungeon, and saw 6 of its levels.

You collected 309 gold pieces.
You spent 90 gold pieces at shops.
You donated 21 gold pieces to Zin.

Inventory:

Hand Weapons
 a - a +2 vorpal flail (weapon)
Missiles
 g - 70 stones (quivered)
 y - 2 boomerangs of dispersal
 D - 2 poisoned darts
Armour
 b - a +0 scale mail (worn)
 c - a +0 buckler (worn)
 A - a +0 cloak (worn)
Jewellery
 q - a ring of poison resistance (left hand)
Wands
 l - a wand of mindburst (15)
Scrolls
 e - 5 scrolls of teleportation {unknown}
 f - 8 scrolls of identify {unknown}
 h - a scroll of enchant weapon {unknown}
 j - 2 scrolls of immolation {unknown}
 k - a scroll of vulnerability {unknown}
 o - 2 scrolls of fog {unknown}
 x - a scroll of enchant armour {unknown}
 z - a scroll of brand weapon {unknown}
 B - a scroll of amnesia {unknown}
Potions
 d - 3 potions of might
 i - 4 potions of invisibility {unknown}
 m - 7 potions of curing
 n - a potion of flight {unknown}
 p - 3 potions of haste {unknown}
 r - 2 potions of mutation {unknown}
 s - a potion of resistance {unknown}
 t - a potion of lignification {unknown}
 u - 2 potions of degeneration {unknown}
 v - a potion of heal wounds {unknown}
 w - a potion of attraction {unknown}
 C - a potion of magic {unknown}


   Skills:
 + Level 9.4 Fighting
 - Level 7.0 Maces & Flails
 - Level 4.0 Armour
 - Level 4.0 Shields
 + Level 1.3 Invocations


You had 7 spell levels left.
You didn't know any spells.
Your spell library contained the following spells:

 Spells                   Type           Power      Damage    Failure   Level
 Foxfire                  Conj/Fire      0%         2x1d4     86%         1
 Conjure Flame            Conj/Fire      0%         6-21      99%         3
 Inner Flame              Hex/Fire       0%         N/A       99%         3
 Flame Wave               Conj/Fire      0%         2d4       100%        4
 Leda's Liquefaction      Hex/Erth       0%         N/A       100%        4
 Lee's Rapid Deconstruct  Erth           0%         3d5*      100%        5
 Statue Form              Tmut/Erth      0%         N/A       100%        6


Dungeon Overview and Level Annotations

Branches:
Dungeon (6/15)
 Temple: D:4-7

Altars:
Ashenzari
Fedhas
Wu Jian
Yredelemnul
Zin
Ignis

Annotations:
D:4 2 transporters


Innate Abilities, Weirdness & Mutations

You have a pair of horns on your head.
You reflexively headbutt those who attack you in melee.


Message History

You hit the fire elemental.
Your headbutt misses the fire elemental.
The fire elemental is almost destroyed.
The fire elemental hits you. The fire elemental burns you!
The fire elemental hits you. The fire elemental burns you!
You closely miss the fire elemental. You headbutt the fire elemental.
You destroy the fire elemental!
That felt strangely unrewarding.
The fire elemental closely misses you. The fire elemental hits you.
The fire elemental burns you!
You miss the fire elemental.
Your headbutt misses the fire elemental.
The fire elemental closely misses you. You furiously retaliate!
You headbutt the fire elemental! You hit the fire elemental.
Your headbutt misses the fire elemental.
The fire elemental is moderately damaged.
The fire elemental hits you. The fire elemental burns you!
The fire elemental hits you. The fire elemental burns you!
You are too injured to fight recklessly!
You are too injured to fight recklessly!
You are too injured to fight recklessly!
You miss the fire elemental.
Your headbutt misses the fire elemental.
The fire elemental is moderately damaged.
The fire elemental hits you. The fire elemental burns you!
* * * LOW HITPOINT WARNING * * *
You barely miss the fire elemental.
The fire elemental is moderately damaged.
The fire elemental hits you. The fire elemental burns you!
* * * LOW HITPOINT WARNING * * *
The fire elemental hits you. The fire elemental burns you!
* * * LOW HITPOINT WARNING * * *
You sock the fire elemental!
The fire elemental is almost destroyed.
You block the fire elemental's attack.
You barely miss the fire elemental.
Your headbutt misses the fire elemental.
The fire elemental is almost destroyed.
The fire elemental hits you. The fire elemental burns you!
You die...

.(.## .#.P.P
)... ......
#..##...#
#......###
#...#...#
##...#
#.#..#
##E#..#
###@.# ...
#..<## ..##
#..##......#
#..# .###...
#.# .# #?.
## #.. ..


You could see a fire elemental.

Vanquished Creatures
  Eustachio (D:4)
  A fire elemental (D:6)
  A water moccasin (D:5)
  A black bear (D:6)
  An ice beast (D:5)
  3 ogres
  2 scorpions
  A jelly (D:4)
  Crazy Yiuf (D:4)
  An iguana (D:5)
  Terence (D:2)
  8 adders
  A white imp (D:5)
  3 dart slugs
  8 orcs
  7 endoplasms
  A giant cockroach (D:2)
  8 goblins
  7 hobgoblins
  4 quokkas
  6 ball pythons
  A bat (D:3)
  3 frilled lizards
  4 kobolds
  3 rats
78 creatures vanquished.

Notes
Turn   | Place    | Note
-------+----------+-------------------------------------------
     0 | D:1      | Jase the Minotaur Fighter began the quest for the Orb.
     0 | D:1      | Reached XP level 1. HP: 19/19 MP: 0/0
   370 | D:1      | Reached XP level 2. HP: 27/27 MP: 1/1
   851 | D:2      | Reached skill level 4 in Fighting
   854 | D:2      | Reached XP level 3. HP: 26/33 MP: 2/2
  1436 | D:2      | Noticed Terence
  1442 | D:2      | Reached XP level 4. HP: 41/41 MP: 3/3
  1446 | D:2      | Killed Terence
  1609 | D:2      | Reached skill level 5 in Fighting
  2011 | D:3      | Found a faded altar of an unknown god.
  2021 | D:3      | Prayed at the altar of an unknown god.
  2021 | D:3      | Became a worshipper of Ignis, the Dying Flame
  2141 | D:3      | Found a broken altar of Ashenzari.
  2349 | D:3      | Found a basalt altar of Yredelemnul.
  2370 | D:3      | Noticed a scorpion
  2375 | D:3      | Killed a scorpion
  2376 | D:3      | Reached XP level 5. HP: 40/50 MP: 4/4
  2509 | D:4      | Reached skill level 5 in Maces & Flails
  2513 | D:4      | Reached skill level 6 in Fighting
  2783 | D:4      | Found a transporter.
  2783 | D:4      | Found a transporter.
  2820 | D:4      | Identified the +0 robe "Annec" {Will+ SInv}
  2892 | D:4      | Found Zin's Purification Station.
  2893 | D:4      | Found a glowing silver altar of Zin.
  2899 | D:4      | Bought a potion of curing for 90 gold pieces
  3048 | D:4      | Found an ornate altar of the Wu Jian Council.
  3053 | D:4      | Noticed an ogre
  3058 | D:4      | Killed an ogre
  3059 | D:4      | Reached XP level 6. HP: 55/58 MP: 5/5
  3113 | D:4      | Found a runed translucent door.
  3114 | D:4      | Noticed Crazy Yiuf
  3454 | D:4      | Noticed Eustachio
  3466 | D:4      | Killed Eustachio
  3689 | D:4      | Killed Crazy Yiuf
  3690 | D:4      | Reached skill level 7 in Fighting
  3940 | D:5      | Entered Level 5 of the Dungeon
  3990 | D:5      | Reached XP level 7. HP: 66/66 MP: 6/6
  4385 | D:5      | Reached skill level 8 in Fighting
  4441 | D:5      | Reached skill level 9 in Fighting
  4712 | D:4      | Fell from the grace of Ignis
  4712 | D:4      | Became a worshipper of Zin the Law-Giver
  4712 | D:4      | Reached * piety under Zin
  5037 | D:6      | Found a blossoming altar of Fedhas.
  5051 | D:6      | Reached skill level 1 in Invocations
  5051 | D:6      | Reached XP level 8. HP: 77/78 MP: 6/8
  5061 | D:6      | Slain by a fire elemental

Illustrated notes

Levels and vault maps discovered:
D:1:      onia_arrival_pyramid, layout_basic, minmay_misc_feat_x
D:2:      layout_rooms, grunt_ministairs_6, minmay_pentomino_u4, uniq_terence
D:3:      layout_loops_cross, mainiacjoe_overflow_alcove_2,
          yredelemnul_altar_generic, hellmonk_ecumenical_altar_run_dry,
          kennysheep_generic_room_16
D:4:      gammafunk_wand_slinger, layout_basic, zin_purify,
          nicolae_wu_jian_wuxing_cycle, uniq_crazy_yiuf_cottage, uniq_eustachio
D:5:      layout_basic
D:6:      layout_rooms, nicolae_elyvilon_peaceful_grove, fedhas_altar_1,
          minmay_temple_entry_trees, uniq_edmund

Skill      XL: |  1  2  3  4  5  6  7 |
---------------+----------------------+-----
Fighting       | 4 5 6 7 9 |  9.4
Armour         | 4 |  4.0
Maces & Flails | 3 4 5 6 7 |  7.0
Shields        | 4 |  4.0
Invocations    | 1 |  1.3

Action                   |  1- 3 |  4- 6 |  7- 9 || total
-------------------------+-------+-------+-------++-------
Melee: Flail             |    65 |    88 |    34 ||   187
       Headbutt          |     6 |    14 |     7 ||    27
Invok: Recite            |       |       |     1 ||     1
Armor: Scale mail        |    20 |    35 |    18 ||    73
Dodge: Dodged            |    25 |    37 |    14 ||    76
Block: Buckler           |     8 |    15 |     5 ||    28
